 Dungeon Crawl Stone Soup version bcrawl-1.41 (webtiles) character file.

Game seed: 14517117263309549276

195106 hyperquik the Magician (level 8, 0/44 HPs)
             Began as a Gargoyle Wizard on May 15, 2023.
             Was a Priest of Hepliaklqana.
             Slain by a bullfrog (9 damage)
             ... on level 7 of the Dungeon on Apr 1, 2024.
             The game lasted 00:28:29 (6095 turns).

hyperquik the Magician (Gargoyle Wizard)            Turns: 6095, Time: 00:28:29

Health: 0/44       AC:  9    Str: 10    XL:     8   Next: 43%
Magic:  4/19       EV: 13    Int: 22    God:    Hepliaklqana [***...]
Gold:   391        SH:  0    Dex: 13    Spells: 11/22 levels left

rFire    . . .     GDR:     35% a - +0 short sword
rCold    . . .     SeeInvis .   (no shield)
rNeg     + . .     Gourm    .   C - +0 troll leather armour
rPois    ∞         Faith    +   c - +0 hat
rElec    +         Spirit   .   (no cloak)
rCorr    .         Reflect  .   (no gloves)
MR       .....                  (no boots)
Stlth    ++........             T - amulet of faith {Faith, !P}
HPRegen  0.57/turn              A - +5 ring of dexterity
MPRegen  0.16/turn              (no ring)

@: very slightly contaminated
A: reduced essence, negative energy resistance 1, electricity resistance,
partial torment resistance, unbreathing, petrification resistance, rot immunity,
AC +5
a: Recall Ancestor, Ancestor Identity, Transference, Renounce Religion


You were on level 7 of the Dungeon.
You worshipped Hepliaklqana.
Hepliaklqana was most pleased with you.
You were not hungry.

You visited 1 branch of the dungeon, and saw 7 of its levels.

You collected 391 gold pieces.


Innate Abilities, Weirdness & Mutations

You are resistant to torment.
Your stone body is resilient. (AC +5)
You are immune to poison.
You resist negative energy. (rN+)
You are resistant to electric shocks. (rElec)
You are less affected by unholy pain and torment.
You can survive without breathing.
You are immune to petrification.
You are immune to rotting.
Your life essence is reduced to manifest your ancestor. (-10% HP)


   Skills:
 - Level 5.0 Fighting
 - Level 4.0 Dodging
 - Level 4.2 Stealth
 + Level 7.9 Spellcasting
 - Level 6.0 Conjurations
 - Level 3.0 Summonings
 - Level 1.0 Translocations
 - Level 3.0 Fire Magic
 - Level 3.0 Invocations
 - Level 2.6 Evocations


You had 11 spell levels left.
You knew the following spells:

 Your Spells              Type           Power        Failure   Level  Hunger
c - Call Imp              Summ           ###...       4%          2    None
f - Conjure Flame         Conj/Fire      ####....     4%          3    None
m - Mephitic Cloud        Conj/Pois/Air  ###.....     14%         3    None
z - Magic Dart            Conj           ####         1%          1    None
B - Blink                 Tloc           N/A          11%         2    None

Your spell library contained the following spells:

 Spells                   Type           Power        Failure   Level  Hunger
 Searing Ray              Conj           #####...     1%          2    None
 Iskenderun's Mystic Bla  Conj           #####...     2%          3    None
 Spider Form              Tmut/Pois      #..          30%         3    None
 Fulminant Prism          Conj/Hex       ###.......   30%         4    ###....
 Irradiate                Conj/Tmut      ###.......   63%         5    #####..
 Cause Fear               Hex            #.........   71%         4    ###....
 Bolt of Fire             Conj/Fire      ####......   94%         6    ######.
 Dragon Form              Tmut           #......      100%        7    #######
 Dragon's Call            Summ           ###.......   100%        9    #######
 Fire Storm               Fire           ###.......   100%        9    #######

Inventory:

Hand Weapons
 a - a +0 short sword (weapon)
 b - a +0 spear
Missiles
 j - 99 javelins
 k - 527 sling bullets
 p - 140 poisoned tomahawks (quivered)
 y - 20 curare-tipped needles {!f}
 Q - 693 stones
Armour
 c - a +0 hat (worn)
 m - a +1 robe of magic recovery
 r - a +0 leather armour of poison resistance
 z - a +0 medium shield
 C - a +0 troll leather armour (worn)
Jewellery
 A - a +5 ring of dexterity (left hand)
 T - an amulet of faith (around neck) {Faith, !P}
Wands
 o - a wand of random effects (7)
Scrolls
 g - a scroll of fear {!r}
 t - 8 scrolls of teleportation
 v - a scroll of enchant weapon {unknown}
 w - a scroll of amnesia {unknown}
 x - a scroll of blinking {unknown}
Potions
 d - 2 potions of might {!q}
 f - a potion of brilliance {!q}
 l - 2 potions of heal wounds {!q@q1}
 n - a potion of resistance {!q}
 q - 2 potions of curing {@q2}
 s - 2 potions of magic {!q}
 u - 3 potions of invisibility {!q}
Comestibles
 e - 8 rations {!d}
 i - a chunk of flesh

Dungeon Overview and Level Annotations

Branches:
Dungeon (7/12)             Temple (0/1) D:7            Lair (0/6) D:7

Altars:
Cheibriados
Gozag
Hepliaklqana
Nemelex Xobeh
Okawaru
Qazlal
Uskayaw
Vehumet
Zin
The Shining One

Shops:
D:4 [   D:6 =

Annotations:
D:6 Sigmund

,* *,* #.P..P...W.....,*
,* *,* ##...Ph####PP.PP,*
,****,*
#.....P#)>#P..P.,*
,,,,,,*
##.PP.W.'..#P....,*
,******
#...P.aP####.P...** ,**
#.#.....P.P.P,...* ,,*
***#.#HoFP......,,,** ,,*
###....#..F.PP...P.,,*
,,*
#..W######@..PP.P..,**
,,* #.#....#........P.#**
,,* #.####.#.#####.#..#
,,****#.####.#.#####....*
,,,,,,..####§..######...*
,,,,,,....##.#H§§§.(.,,#*
,,****###.##.§§######,**
,,* ###.###########,* ,,*
###.###########,*


You could see a hippogriff, a phantom, an orc warrior, a black bear, 2 bullfrogs
and a worker ant.


Message History

You hear a loud, deep croak!
You take 4 damage, and have 30/44 hp.
A bullfrog comes into view.
The bullfrog hits the fungus!
You open the door.
A worker ant and an orc warrior come into view.
The orc warrior shouts!
Something hits the fungus but does no damage.
The bullfrog hits the plant.
The bullfrog closely misses the orc priest.
Found a quarterstaff.
Found a staircase to the Lair.
The bullfrog hits you.
The bullfrog hits the fungus.
You see here 21 gold pieces.
You take 2 damage, and have 29/44 hp.
The bullfrog misses you.
The bullfrog hits the fungus!
The hippogriff flaps its wings!
You are blown backwards!
The bullfrog is blown away by the wind.
The phantom hits the plant but does no damage.
The bullfrog completely misses you. The bullfrog hits you!
* * * LOW HITPOINT WARNING * * *
The orc priest mumbles some strange prayers to Beogh against you.
Beogh smites you!
* * * LOW HITPOINT WARNING * * *
Something hits the black bear!
You take 21 damage, and have 8/44 hp.
MASSIVE DAMAGE!!
The bullfrog closely misses you. The bullfrog hits you!
You die...

Skill      XL: |  1  2  3  4  5  6  7 |
---------------+----------------------+-----
Conjurations   | 2 3 5 6 |  6.0
Spellcasting   | 5 6 7 |  7.9
Fighting       | 4 5 |  5.0
Dodging        | 3 4 |  4.0
Stealth        | 4 |  4.2
Summonings     | 2 3 |  3.0
Fire Magic     | 3 |  3.0
Invocations    | 2 3 |  3.0
Evocations     | 2 |  2.6
Translocations | 1 |  1.0

Action                   |  1- 3 |  4- 6 |  7- 9 || total
-------------------------+-------+-------+-------++-------
Melee: Staff             |    27 |       |       ||    27
       Short sword       |       |     1 |       ||     1
Throw: Tomahawk          |       |       |     2 ||     2
 Cast: Magic Dart        |    76 |    79 |    42 ||   197
       Call Imp          |    12 |    20 |    26 ||    58
       Conjure Flame     |       |     2 |     8 ||    10
       Blink             |       |       |     2 ||     2
       Mephitic Cloud    |       |       |     1 ||     1
Invok: Ancestor Life: He |       |       |     1 ||     1
       Transference      |       |       |     1 ||     1
  Use: Scroll            |     4 |     2 |     8 ||    14
       Potion            |       |     1 |       ||     1
 Stab: Sleeping          |       |     1 |       ||     1
  Eat: Chunk             |     5 |     5 |     8 ||    18
       Ration            |       |       |     1 ||     1
Armor: Robe              |     9 |     4 |     2 ||    15
       Troll leather arm |       |       |     4 ||     4
Dodge: Dodged            |    18 |     8 |    24 ||    50

Levels and vault maps discovered:
D:1:      tarquinn_simple_flora_water_f, layout_loops_ring,
          chequers_mini_garden, chequers_decorated_corner
D:2:      layout_rooms, lemuel_crystal_altar
D:3:      layout_rooms, chequers_temple_overflow_statue_of_worship,
          lemuel_doored_altar, first_ration
D:4:      layout_basic, lemuel_crystal_altar, kennysheep_mini, serial_shops,
          nicolae_shop_waterfront
D:5:      layout_layer_cave, hangedman_abyss_or_decor_lesser_grid,
          serial_bayou_crossing
D:6:      layout_gridville, grunt_temple_overflow_opulence,
          kennysheep_slug_shrine, kennysheep_mini_moat, serial_shops, shop,
          uniq_sigmund
D:7:      layout_loops_ring, minmay_temple_entry_from_below_a,
          grunt_lair_entry_orc_guard_hut, enter_ossuary_3

Notes
Turn   | Place    | Note
-------+----------+-------------------------------------------
     0 | D:1      | hyperquik the Gargoyle Wizard began the quest for the Orb.
     0 | D:1      | Reached XP level 1. HP: 10/10 MP: 4/4
   197 | D:1      | Reached skill level 2 in Conjurations
   197 | D:1      | Reached XP level 2. HP: 12/15 MP: 1/6
   200 | D:1      | Learned a level 2 spell: Call Imp
   557 | D:1      | Reached skill level 3 in Conjurations
   635 | D:1      | Reached XP level 3. HP: 11/19 MP: 1/7
   818 | D:1      | Identified a scroll of identify
   919 | D:1      | Identified a potion of resistance
  1242 | D:2      | Identified 2 scrolls of teleportation
  1334 | D:2      | Identified a potion of might
  1352 | D:2      | Learned a level 3 spell: Conjure Flame
  1355 | D:2      | Learned a level 2 spell: Blink
  1412 | D:2      | Found a hazy altar of Hepliaklqana.
  1417 | D:2      | Became a worshipper of Hepliaklqana the Forgotten
  1604 | D:2      | Identified 2 potions of invisibility
  1711 | D:2      | Reached XP level 4. HP: 21/21 MP: 2/9
  1984 | D:3      | Identified 2 scrolls of fear
  2038 | D:3      | Reached * piety under Hepliaklqana
  2054 | D:3      | Reached skill level 4 in Spellcasting
  2158 | D:3      | Identified a potion of experience
  2159 | D:3      | Reached skill level 4 in Fighting
  2159 | D:3      | Reached skill level 3 in Dodging
  2159 | D:3      | Reached skill level 4 in Stealth
  2159 | D:3      | Reached skill level 5 in Spellcasting
  2159 | D:3      | Reached skill level 5 in Conjurations
  2159 | D:3      | Reached skill level 2 in Summonings
  2159 | D:3      | Reached skill level 3 in Fire Magic
  2159 | D:3      | Reached skill level 2 in Invocations
  2159 | D:3      | Reached skill level 2 in Evocations
  2159 | D:3      | Reached XP level 5. HP: 30/30 MP: 11/13
  2467 | D:3      | Reached skill level 6 in Spellcasting
  2467 | D:3      | Reached skill level 1 in Translocations
  2535 | D:3      | Found a glowing golden altar of the Shining One.
  2703 | D:3      | Found a hide-covered altar of Uskayaw.
  2703 | D:3      | Found a stormy altar of Qazlal.
  2839 | D:3      | Reached XP level 6. HP: 35/35 MP: 13/15
  3291 | D:4      | Found a radiant altar of Vehumet.
  3416 | D:4      | Reached XP level 7. HP: 37/39 MP: 0/16
  3470 | D:4      | Identified a potion of heal wounds
  3497 | D:4      | Reached ** piety under Hepliaklqana
  3498 | D:4      | Remembered your ancestor Ankherfenedjef as a hexer
  3516 | D:4      | Found Niackaza's Armour Shop.
  3664 | D:4      | Found an iron altar of Okawaru.
  4006 | D:4      | Identified a potion of curing
  4008 | D:5      | Entered Level 5 of the Dungeon
  4154 | D:5      | Upgraded the game from bcrawl-1.38.3 to bcrawl-1.41
  4253 | D:5      | Reached skill level 7 in Spellcasting
  4388 | D:5      | Reached skill level 3 in Invocations
  4407 | D:5      | Reached skill level 6 in Conjurations
  4407 | D:5      | Reached skill level 3 in Summonings
  4411 | D:5      | Learned a level 3 spell: Mephitic Cloud
  4645 | D:5      | Identified a +5 ring of dexterity
  4939 | D:5      | Reached skill level 5 in Fighting
  5318 | D:6      | Reached *** piety under Hepliaklqana
  5334 | D:6      | Identified 2 scrolls of remove curse
  5335 | D:6      | Identified an amulet of faith (You found it on level 4 of
                  | the Dungeon)
  5394 | D:6      | Noticed a troll
  5415 | D:6      | Killed a troll
  5416 | D:6      | Reached skill level 4 in Dodging
  5416 | D:6      | Reached XP level 8. HP: 44/44 MP: 0/19
  5546 | D:6      | Noticed Sigmund
  5554 | D:6      | Found an opulent altar of Gozag.
  5555 | D:6      | Found a sparkling altar of Nemelex Xobeh.
  5687 | D:6      | Found a snail-covered altar of Cheibriados.
  5699 | D:6      | Identified a potion of degeneration
  5828 | D:6      | Found Zankaf's Jewellery Boutique.
  5874 | D:6      | Identified 2 potions of magic
  5967 | D:6      | Found a glowing silver altar of Zin.
  6054 | D:7      | Identified a scroll of fog
  6055 | D:7      | Identified a scroll of revelation
  6055 | D:7      | Noticed a hippogriff
  6090 | D:7      | Found a staircase to the Lair.
  6093 | D:7      | HP: 8/44 [orc priest/divine providence (12)]
  6095 | D:7      | Slain by a bullfrog

Vanquished Creatures
  A troll (D:6)
  A black bear (D:5)
  A bullfrog (D:6)
  A crimson imp (D:5)
  A jelly (D:4)
  A hound skeleton (D:5)
  3 gnolls
  A hexer (D:5)
  An adder (D:3)
  A worm (D:1)
  3 dart slugs
  3 leopard geckos
  2 orcs
  7 bats
  4 goblins
  6 hobgoblins
  4 kobolds
  3 quokkas (D:2)
  A ball python (D:1)
  3 frilled lizards
  A quokka skeleton (D:4)
  8 rats
57 creatures vanquished.

Vanquished Creatures (collateral kills)
  A crocodile (D:6)
  A centaur (D:4)
  A scorpion (D:5)
  A crimson imp (D:4)
  A hound (D:5)
  2 bullfrog skeletons
  3 iguanas
  3 worker ants
  4 gnolls
  4 adders
  An adder skeleton (D:3)
  A dart slug (D:2)
  A worm (D:2)
  A leopard gecko (D:1)
  An orc (D:5)
  A goblin (D:1)
  A hobgoblin (D:1)
  A quokka (D:5)
  2 kobolds
31 creatures vanquished.

Vanquished Creatures (others)
  3 hexers
  An ancestor (D:3)
4 creatures vanquished.

Grand Total: 92 creatures vanquished

Table legend:
 A = Turns spent in this place as a percentage of turns spent in the entire game.
 B = Non-inter-level travel turns spent in this place as a percentage of non-inter-level travel turns spent in the entire game.
 C = Inter-level travel turns spent in this place as a percentage of turns spent in this place.
 D = Turns resting spent in this place as a percentage of non-inter-level travel turns spent in this place.
 E = Turns spent auto-exploring this place as a percentage of non-inter-level travel turns spent in this place.
 F = Non-inter-level travel turns spent in this place divided by the number of levels of this place that you've seen.
                   A       B       C       D       E      F
               +-------+-------+-------+-------+-------+----------------------
         Total | 100.0 | 100.0 |   4.7 |  21.6 |  59.1 | 829.6
       Dungeon | 100.0 | 100.0 |   4.7 |  21.6 |  59.1 | 829.6
               +-------+-------+-------+-------+-------+----------------------

Table legend:
 A = Kills in this place as a percentage of kills in entire the game.
 B = Kills by you in this place as a percentage of kills by you in the entire game.
 C = Kills by friends in this place as a percentage of kills by friends in the entire game.
 D = Other kills in this place as a percentage of other kills in the entire game.
 E = Experience gained in this place as a percentage of experience gained in the entire game.
 F = Experience gained in this place divided by the number of levels of this place that you have seen.
                   A       B       C       D       E      F
               +-------+-------+-------+-------+-------+----------------------
         Total | 100.0 | 100.0 | 100.0 | 100.0 | 100.0 | 227.4
       Dungeon | 100.0 | 100.0 | 100.0 | 100.0 | 100.0 | 227.4
               +-------+-------+-------+-------+-------+----------------------

Table legend:
 A = Non-vault XP
 B = Vault XP
 C = Vault XP percentage of total XP
 D = Non-vault monster count
 E = Vault monster count
 F = Vault count percentage of total count
                 A         B        C        D         E       F
            +---------+---------+-------+---------+---------+-------
      Total |    1588 |       4 |   0.3 |      86 |       1 |   1.1
            +---------+---------+-------+---------+---------+-------
        D:1 |      51 |       0 |   0.0 |      28 |       0 |   0.0
        D:2 |      38 |       0 |   0.0 |      12 |       0 |   0.0
        D:3 |     144 |       0 |   0.0 |      18 |       0 |   0.0
        D:4 |     344 |       0 |   0.0 |      12 |       0 |   0.0
        D:5 |     385 |       0 |   0.0 |      10 |       0 |   0.0
        D:6 |     626 |       4 |   0.6 |       6 |       1 |  14.3
            +---------+---------+-------+---------+---------+-------
